 Dungeon Sprint DCSS version 0.29-a0-512-gf59ac788ac (webtiles) character file.

Game seed: 13332967138762619198

273 mhtbhm the Grappler (level 6, -2/57 HPs)
             Began as a Draconian Transmuter on May 29, 2022.
             Was a Priest of Qazlal.
             Slain by a kobold brigand
             ... wielding a +1 whip of venom
              (4 damage)
             ... in the Dungeon (Sprint VII: "The Pits").
             The game lasted 00:02:07 (493 turns).

mhtbhm the Grappler (Draconian Transmuter)           Turns: 493, Time: 00:02:08

Health: -2/57      AC:  6    Str: 14    XL:     6   Next: 2%
Magic:  9/14       EV: 10    Int: 14    God:    Qazlal [***...]
Gold:   0          SH:  4    Dex: 11    Spells: 5/15 levels left

rFire   x . .      SeeInvis .     - Unarmed
rCold   + + +      Faith    .   (shield currently unavailable)
rNeg    . . .      Spirit   .   (body armour unavailable)
rPois   +          Reflect  .   (helmet currently unavailable)
rElec   .          Harm     .   (cloak currently unavailable)
rCorr   .          Rampage  .   (gloves currently unavailable)
Will    .....      NoTele   +   (boots currently unavailable)
Stlth   +.........              (no amulet)
HPRegen 0.19/turn               (no ring)
MPRegen 0.14/turn               (no ring)

@: ice-form, wereblooded
A: freezing attack, amphibious, boosted hp, AC +6, large, unfitting armour,
(cold-blooded)
a: End Transformation, Renounce Religion, Upheaval, Elemental Force


You were in the Dungeon.
You worshipped Qazlal.
Qazlal was most pleased with you.
You were a creature of crystalline ice.
You visited 1 branch

Inventory:

Scrolls
 g - a scroll of blinking
 i - 5 scrolls of amnesia
 j - a scroll of summoning
Potions
 a - a potion of lignification
 b - 6 potions of curing
 c - 6 potions of heal wounds
 d - a potion of haste
 e - 4 potions of magic
 f - 3 potions of berserk rage
 h - 2 potions of invisibility


   Skills:
 + Level 2.1 Fighting
 + Level 4.1 Dodging
 - Level 0.2 Stealth
 + Level 8.7 Unarmed Combat
 + Level 5.4 Spellcasting
 + Level 5.7 Transmutations
 + Level 0.2 Ice Magic
 + Level 1.3 Poison Magic
 * Level 1.8 Invocations


You had 5 spell levels left.
You knew the following spells:

 Your Spells              Type           Power      Damage    Failure   Level
a - Beastly Appendage     Tmut           38%        N/A       1%          1
b - Wereblood             Tmut           19%        N/A       2%          2
c - Spider Form           Tmut/Pois      13%        N/A       12%         3
d - Ice Form              Ice/Tmut       12%        N/A       43%         4

Your spell library contained the following spells:

 Spells                   Type           Power      Damage    Failure   Level


Dungeon Overview and Level Annotations

Branches:
Dungeon (1/1)

Altars:
Ashenzari
Cheibriados
Dithmenos
Elyvilon
Fedhas
Gozag
Hepliaklqana
Kikubaaqudgha
Makhleb
Nemelex Xobeh
Okawaru
Qazlal
Ru
Sif Muna
Trog
Uskayaw
Vehumet
Wu Jian
Xom
Yredelemnul
Zin
The Shining One
Beogh
Jiyva
Lugonu


Innate Abilities, Weirdness & Mutations

You are a creature of crystalline ice.
You have a powerful freezing melee attack.
You are amphibious.
Your maximum health is increased.
Your armour is entirely melded.
You are incapable of wielding weapons or throwing items.
((Your plain brown scales are hard. (AC +6)))
You cannot fit into any form of body armour.
((You are cold-blooded and may be slowed by cold attacks.))


Message History

You hear a shout! x2
Unknown command.
You are too injured to fight recklessly!
The orc warrior shouts!
You punch the scorpion! You freeze the scorpion.
You feel a bit better.
You kill the scorpion!
Qazlal accepts your kill.
An orc comes into view. It is wielding a +0 hand axe.
Your Fighting skill increases to level 2!
Your Invocations skill increases to level 1!
You have reached level 6!
Your scales feel tougher.
Unknown command.
You hit the fire bat. You freeze the fire bat.
The fire bat is heavily wounded.
The fire bat barely misses you. The fire bat closely misses you.
The kobold brigand closely misses you.
Unknown command.
You barely miss the kobold brigand. The fire bat barely misses you.
The kobold brigand hits you with a +1 whip of venom.
You punch the fire bat! You freeze the fire bat.
The fire bat is almost dead.
The fire bat bites you but does no damage.
The fire bat bites you.
You are engulfed in flames!
The fire burns you terribly! The kobold brigand barely misses you.
Unknown command.
You closely miss the fire bat.
The fire bat is almost dead.
You howl as the wereblood boils in your veins!
The fire bat barely misses you.
Unknown command.
You punch the kobold brigand! You freeze the kobold brigand.
The kobold brigand is heavily wounded.
You howl as the wereblood boils in your veins!
The fire bat bites you.
* * * LOW HITPOINT WARNING * * *
You are engulfed in flames!
The fire burns you terribly!
* * * LOW HITPOINT WARNING * * *
The kobold brigand hits you with a +1 whip of venom.
You die...

#.#..#...#.#####'###
#.#..#####.##.......
#.#..†...#.##.......
#.#..'.†.'.##.......
#.#..########...<...
#.#..'[))).##.......
#.#..#[))).##.......
#'###########.......
#..Yb...# ########
#..#K#..# #.##o# #
#.. o. #.# .## #..
.# #.. .. ## ##


You could see an orc warrior, a kobold brigand, a fire bat and an orc.

Vanquished Creatures
  2 floating eyes (D)
  A scorpion (D)
  An ufetubus (D)
  An endoplasm (D)
  2 jackals (D)
  2 bats (D)
  2 frilled lizards (D)
  A jackal skeleton (D)
12 creatures vanquished.

Notes
Turn   | Place    | Note
-------+----------+-------------------------------------------
     0 | D        | mhtbhm the Draconian Transmuter began the quest for the
                  | Orb.
     0 | D        | Reached XP level 1. HP: 16/16 MP: 3/3
    20 | D        | Found a bloodstained altar of Trog.
    20 | D        | Found a shimmering blue altar of Sif Muna.
    20 | D        | Found a viscous altar of Jiyva.
    20 | D        | Found a hazy altar of Hepliaklqana.
    20 | D        | Found an opulent altar of Gozag.
    21 | D        | Found a glowing golden altar of the Shining One.
    21 | D        | Found a glowing silver altar of Zin.
    21 | D        | Found a basalt altar of Yredelemnul.
    21 | D        | Found a shimmering altar of Xom.
    21 | D        | Found an ornate altar of the Wu Jian Council.
    21 | D        | Found a sacrificial altar of Ru.
    21 | D        | Found a stormy altar of Qazlal.
    21 | D        | Found an iron altar of Okawaru.
    21 | D        | Found a sparkling altar of Nemelex Xobeh.
    21 | D        | Found a burning altar of Makhleb.
    21 | D        | Found a blossoming altar of Fedhas.
    21 | D        | Found a white marble altar of Elyvilon.
    21 | D        | Found a shadowy altar of Dithmenos.
    21 | D        | Found a snail-covered altar of Cheibriados.
    23 | D        | Found a radiant altar of Vehumet.
    23 | D        | Found a corrupted altar of Lugonu.
    24 | D        | Found a hide-covered altar of Uskayaw.
    24 | D        | Found an ancient bone altar of Kikubaaqudgha.
    24 | D        | Found a broken altar of Ashenzari.
    50 | D        | Became a worshipper of Qazlal Stormbringer
    86 | D        | Noticed a floating eye
    88 | D        | Paralysed by a floating eye for 3 turns
    92 | D        | Killed a floating eye
    93 | D        | Reached skill level 7 in Unarmed Combat
    93 | D        | Reached XP level 2. HP: 23/23 MP: 2/7
    93 | D        | Reached XP level 3. HP: 28/28 MP: 2/8
    93 | D        | Reached XP level 4. HP: 35/35 MP: 2/10
    98 | D        | Reached * piety under Qazlal
   258 | D        | Learned a level 2 spell: Wereblood
   262 | D        | Learned a level 3 spell: Spider Form
   267 | D        | Learned a level 4 spell: Ice Form
   406 | D        | Noticed a floating eye
   407 | D        | Paralysed by a floating eye for 2 turns
   408 | D        | Killed a floating eye
   409 | D        | Reached skill level 8 in Unarmed Combat
   409 | D        | Reached skill level 5 in Spellcasting
   409 | D        | Reached skill level 5 in Transmutations
   409 | D        | Reached skill level 1 in Poison Magic
   409 | D        | Reached XP level 5. HP: 41/41 MP: 5/12
   417 | D        | Reached ** piety under Qazlal
   483 | D        | Noticed a fire bat
   486 | D        | Reached *** piety under Qazlal
   487 | D        | Noticed an orc warrior
   489 | D        | Reached skill level 1 in Invocations
   489 | D        | Reached XP level 6. HP: 32/48 MP: 8/14
   493 | D        | HP: 2/57 [fire bat (13)]
   493 | D        | Slain by a kobold brigand

Illustrated notes

Levels and vault maps discovered:
D:        pitsprint [storerooms_1, entrance_room_1, metal_vault_4, armoury_2,
          mini_pit_1, grid_room_1, main_hall_1, silver_pit, the_coven_1,
          the_vestibule_1, steel_vault_3, golden_pit, hallway_of_sentries,
          crystal_vault_3, iron_vault_4, final_vault]

Skill      XL: |  1  2  3  4  5 |
---------------+----------------+-----
Dodging        | 3 4 |  4.1
Unarmed Combat | 7 8 |  8.7
Spellcasting   | 4 5 |  5.4
Transmutations | 4 5 |  5.7
Poison Magic   | 1 |  1.3
Fighting       | 2 |  2.1
Invocations    | 1 |  1.8
Stealth        | |  0.2
Ice Magic      | |  0.2

Action                   |  1- 3 |  4- 6 || total
-------------------------+-------+-------++-------
Melee: Unarmed           |     5 |    24 ||    29
       Kick              |     2 |       ||     2
       Headbutt          |     1 |     1 ||     2
       Tailslap          |     1 |     1 ||     2
 Cast: Beastly Appendage |     2 |       ||     2
       Wereblood         |       |     3 ||     3
       Spider Form       |       |     1 ||     1
       Ice Form          |       |     1 ||     1
Armor: Skin              |       |     7 ||     7
Dodge: Dodged            |       |    24 ||    24
Block: Other             |       |     2 ||     2

Table legend: (Time is in decaauts)
 A = Elapsed time spent in this place.
 B = Non-inter-level travel time spent in this place.
 C = Inter-level travel time spent in this place.
 D = Time resting spent in this place.
 E = Time spent auto-exploring this place.
 F = Levels seen in this place.
 G = Mean time per level.
                   A        B        C        D        E       F      G
               +--------+--------+--------+--------+--------+-----+--------+
         Total |    490 |    490 |      0 |    276 |      0 |   1 |  490.0 |
       Dungeon |    490 |    490 |      0 |    276 |      0 |   1 |  490.0 |
               +--------+--------+--------+--------+--------+-----+--------+

Top non-repeatable levels by time:
       D: 490 daAuts
